 Dungeon Crawl Stone Soup version 0.32-a0-675-gdc239d62e1 (webtiles) character file.

Game seed: 13438007067150372067

1175 Zeldest the Chopper (level 8, -8/64 HPs)
             Began as a Coglin Fighter on Mar 12, 2024.
             Killed from afar by a steam dragon (20 damage)
             ... with a ball of steam
             ... on level 6 of the Dungeon.
             The game lasted 00:03:47 (4618 turns).

Zeldest the Chopper (Coglin Fighter)                Turns: 4618, Time: 00:03:47

Health: -8/64      AC: 15    Str: 19    XL:     8   Next: 41%
Magic:  8/8        EV:  9    Int:  8    God:
Gold:   255        SH:  0    Dex: 13    Spells: 7/7 levels left

rFire   . . .        a - +0 war axe {Octavius}
rCold   . . .        w - +0 hammer (protect) {Bonhwa}
rNeg    . . .        b - +0 scale mail
rPois   .            (no helmet)
rElec   .            v - +0 cloak
rCorr   .            (no gloves)
SInv    .            (no boots)
Will    .....        (amulet unavailable) Stlth
                     (ring unavailable)
HPRegen 0.30/turn    (ring unavailable)
MPRegen 0.11/turn    (no gizmo)

%: no passive effects
@: under a protective aura, revved
A: off-hand wielding, slow wielding, warmup strikes, no jewellery
a: Invent Gizmo


You were on level 6 of the Dungeon.
You visited 1 branch of the dungeon, and saw 6 of its levels.

You collected 255 gold pieces.

Inventory:

Hand Weapons
 a - a +0 war axe (weapon) {Octavius}
 w - a +0 hammer of protection (offhand) {Bonhwa}
Armour
 b - a +0 scale mail (worn)
 v - a +0 cloak (worn)
Wands
 d - a wand of flame (12)
 u - a wand of polymorph (9)
Scrolls
 e - a scroll of butterflies {unknown}
 f - 3 scrolls of identify {unknown}
 h - 4 scrolls of teleportation
 j - a scroll of torment {unknown}
 k - 2 scrolls of vulnerability {unknown}
 l - a scroll of brand weapon {unknown}
 m - a scroll of enchant armour {unknown}
 o - a scroll of poison {unknown}
 q - 3 scrolls of noise {unknown}
 r - a scroll of revelation {unknown}
 s - a scroll of fear {unknown}
 t - a scroll of blinking {unknown}
Potions
 c - a potion of berserk rage {unknown}
 g - 4 potions of curing {unknown}
 i - a potion of ambrosia {unknown}
 n - a potion of magic {unknown}
 p - 3 potions of degeneration {unknown}


   Skills:
 + Level 5.7 Fighting
 * Level 7.2 Axes
 + Level 5.1 Armour
 - Level 2.1 Shields


You had 7 spell levels left.
You didn't know any spells.
Your spell library contained the following spells:

 Spells                   Type           Power      Damage    Failure   Level
 Blink                    Tloc           0%         N/A       88%         2
 Lesser Beckoning         Tloc           0%         N/A       88%         2
 Momentum Strike          Conj/Tloc      0%         3d8       88%         2


Dungeon Overview and Level Annotations

Branches:
Dungeon (6/15) Zot: 26875
 Temple: D:4-7

Altars:
Makhleb

Shops:
D:2 =   D:5 !


Innate Abilities, Weirdness & Mutations

You can wield a second weapon in your off-hand.
It takes a long time for you to wield or remove held weapons.
Your first few attacks do less damage.
You cannot equip rings or amulets.


Message History

You closely miss the ogre with your +0 hammer of protection.
The ogre is severely wounded.
You barely miss the ogre with your +0 war axe.
A steam dragon comes into view.
The ogre hits you with a +0 giant spiked club!
You hit the ogre with your +0 war axe.
The ogre is severely wounded.
You hit the ogre with your +0 hammer of protection.
The ogre hits you with a +0 giant spiked club.
You sock the ogre with your +0 hammer of protection!
You kill the ogre!
You hit the steam dragon with your +0 hammer of protection.
The steam dragon is lightly wounded.
You closely miss the steam dragon with your +0 war axe.
The steam dragon bites you but does no damage.
The steam dragon barely misses you.
You hit the steam dragon with your +0 war axe.
The steam dragon is moderately wounded.
You hit the steam dragon but do no damage.
The steam dragon bites you.
The steam dragon claws you but does no damage.
You completely miss the steam dragon with your +0 war axe.
The steam dragon is moderately wounded.
You hit the steam dragon with your +0 hammer of protection.
The steam dragon closely misses you.
The steam dragon claws you but does no damage.
The steam dragon bites you!
* * * LOW HITPOINT WARNING * * *
The steam dragon claws you but does no damage.
You hit the steam dragon but do no damage.
The steam dragon is moderately wounded.
You hit the steam dragon with your +0 hammer of protection.
The steam dragon bites you but does no damage.
The steam dragon closely misses you.
You barely miss the steam dragon with your +0 hammer of protection.
The steam dragon is moderately wounded.
You hit the steam dragon with your +0 war axe.
The steam dragon breathes steam at you. The ball of steam hits you!!
You die...

#### .. .?.> . ... ...
.. ... #.# ##..# #.#
#D##.....#
#..##.@#...#..
##.###..$........# ..
.............#.# #####.
...####)).....# .....
.......?#.....#
#.#.##..######.###.#...#
#.[.... #.....# ....##
#...# ##....## #..##
...######.....# ....


You could see a steam dragon (catching breath).

Vanquished Creatures
  2 black bears (D:5)
  An ice beast (D:6)
  2 ogres
  A phantom (D:6)
  Blork the orc (D:4)
  A bullfrog (D:6)
  A howler monkey (D:5)
  A bombardier beetle (D:5)
  Crazy Yiuf (D:4)
  2 hounds
  An orc priest (D:6)
  2 iguanas (D:4)
  2 orc wizards (D:4)
  Natasha (twice) (D:4)
  5 adders
  4 gnolls (D:5)
  A shadow imp (D:5)
  A white imp (D:5)
  A dart slug (D:3)
  2 ribbon worms
  8 orcs
  7 ball pythons
  6 bats
  3 endoplasms
  A giant cockroach (D:1)
  2 hobgoblins
  3 jackals (D:2)
  9 kobolds
  3 quokkas
  6 frilled lizards
  2 goblins (D:2)
  4 rats
88 creatures vanquished.

Notes
Turn   | Place    | Note
-------+----------+-------------------------------------------
     0 | D:1      | Zeldest the Coglin Fighter began the quest for the Orb.
     0 | D:1      | Reached XP level 1. HP: 18/18 MP: 1/1
   210 | D:1      | Reached XP level 2. HP: 24/24 MP: 2/2
   982 | D:2      | Reached XP level 3. HP: 28/29 MP: 3/3
  1324 | D:2      | Found Ehousyre's One-of-a-Kind Rings.
  1418 | D:2      | Reached skill level 3 in Axes
  1628 | D:3      | You fall into a shaft and drop 1 floor!
  1631 | D:4      | Noticed Blork the orc
  1644 | D:4      | Killed Blork the orc
  1645 | D:4      | Reached XP level 4. HP: 10/37 MP: 4/4
  1863 | D:3      | Reached XP level 5. HP: 42/42 MP: 5/5
  2189 | D:3      | Reached skill level 4 in Axes
  2274 | D:3      | Found a burning altar of Makhleb.
  2696 | D:4      | Reached XP level 6. HP: 46/48 MP: 6/6
  2714 | D:4      | Noticed Natasha
  2726 | D:4      | Killed Natasha
  2823 | D:4      | Noticed Natasha
  2846 | D:4      | Killed Natasha
  3061 | D:4      | Found a runed translucent door.
  3066 | D:4      | Noticed Crazy Yiuf
  3073 | D:4      | Killed Crazy Yiuf
  3074 | D:4      | Reached skill level 5 in Axes
  3369 | D:5      | Entered Level 5 of the Dungeon
  3373 | D:5      | Noticed a black bear
  3395 | D:5      | Killed a black bear
  3396 | D:5      | Reached XP level 7. HP: 49/55 MP: 7/7
  3658 | D:5      | Found Imymep's Distillery.
  3930 | D:5      | Reached skill level 5 in Fighting
  3930 | D:5      | Reached skill level 6 in Axes
  4517 | D:6      | Reached XP level 8. HP: 62/62 MP: 8/8
  4562 | D:6      | Reached skill level 5 in Armour
  4568 | D:6      | Reached skill level 7 in Axes
  4618 | D:6      | Killed from afar by a steam dragon

Illustrated notes

Levels and vault maps discovered:
D:1:      dpeg_arrival_rhombi, layout_loops_ring
D:2:      layout_loops_corners, nicolae_shop_unique_rings, minmay_pentomino_v2
D:3:      layout_rooms, lightli_temple_of_fire, skrybe_limestone_x,
          eino_curves_04
D:4:      layout_loops_ring, uniq_natasha, uniq_blork_the_orc,
          uniq_crazy_yiuf_cottage
D:5:      layout_layer_cave, serial_shops, shop
D:6:      layout_rooms, nicolae_elevator_lobby_asterisk

Skill      XL: |  1  2  3  4  5  6  7  8 |
---------------+-------------------------+-----
Armour         | 3 4 5 |  5.1
Axes           | 3 4 5 6 7 |  7.2
Fighting       | 4 5 |  5.7
Shields        | |  2.1

Action                     |  1- 3 |  4- 6 |  7- 9 || total
---------------------------+-------+-------+-------++-------
  Melee: War axe           |   103 |   107 |    66 ||   276
         Mace              |       |    46 |    66 ||   112
    Use: Potion            |     1 |       |       ||     1
         Scroll            |       |       |     1 ||     1
 Armour: Scale mail        |    74 |   111 |    68 ||   253
  Dodge: Dodged            |    49 |    60 |    21 ||   130
  Block: Buckler           |    32 |    11 |       ||    43

Table legend: (Time is in decaauts)
 A = Elapsed time spent in this place.
 B = Non-inter-level travel time spent in this place.
 C = Inter-level travel time spent in this place.
 D = Time resting spent in this place.
 E = Time spent auto-exploring this place.
 F = Levels seen in this place.
 G = Mean time per level.
                   A        B        C        D        E       F      G
               +--------+--------+--------+--------+--------+-----+--------+
         Total |   4717 |   4575 |    142 |    894 |   2920 |   6 |  786.2 |
       Dungeon |   4717 |   4575 |    142 |    894 |   2920 |   6 |  786.2 |
               +--------+--------+--------+--------+--------+-----+--------+

Top non-repeatable levels by time:
     D:4: 1253 daAuts
     D:5: 1144 daAuts
     D:2: 899 daAuts
     D:1: 693 daAuts
     D:3: 604 daAuts
     D:6: 122 daAuts
